 Dungeon Crawl Stone Soup version 0.32-a0-18-g89e19f1974 (webtiles) character file.

Game seed: 7827029732498584133

218 Pixllover the Digger (level 5, 0/28 HPs)
             Began as a Gargoyle Earth Elementalist on Jan 16, 2024.
             Incinerated by a bombardier beetle (7 damage)
             ... with a burning spray
             ... on level 4 of the Dungeon.
             The game lasted 00:08:24 (3242 turns).

Pixllover the Digger (Gargoyle Earth Elementalist)  Turns: 3242, Time: 00:08:25

Health: 0/28       AC:  7    Str: 12    XL:     5   Next: 95%
Magic:  9/10       EV: 12    Int: 22    God:
Gold:   304        SH:  0    Dex:  8    Spells: 10/11 levels left

rFire   . . .        m - +4 dagger of the Unseen Realm {spect, Int+5 Dex-2}
rCold   . . .        (no shield)
rNeg    + . .        a - +0 robe
rPois   ∞            (no helmet)
rElec   +            (no cloak)
rCorr   .            l - +0 pair of gloves
SInv    .            (no boots)
Will    .....        (no amulet)
Stlth   +            (no ring)
HPRegen 0.24/turn    (no ring)
MPRegen 0.12/turn

%: no passive effects
@: on fire, glowing
A: sickness immunity, AC +4, negative energy resistance 1, electricity
resistance, torment resistance 1, petrification resistance
a: no special abilities


You were on level 4 of the Dungeon.
You visited 1 branch of the dungeon, and saw 4 of its levels.

You collected 304 gold pieces.

Inventory:

Hand Weapons
 m - the +4 dagger of the Unseen Realm (weapon) {spect, Int+5 Dex-2}
   (You found it on level 2 of the Dungeon)

   Int+5:     It affects your intelligence (+5).
   Dex-2:     It affects your dexterity (-2).
 q - a +1 mace of holy wrath
Armour
 a - a +0 robe (worn)
 l - a +0 pair of gloves (worn)
Wands
 h - a wand of acid (13)
Scrolls
 c - a scroll of enchant weapon {unknown}
 d - a scroll of blinking {unknown}
 e - a scroll of butterflies
 f - a scroll of immolation
 i - a scroll of fear {unknown}
 o - a scroll of teleportation {unknown}
 r - a scroll of vulnerability {unknown}
 s - a scroll of enchant armour {unknown}
 u - 2 scrolls of identify
 v - a scroll of noise {unknown}
Potions
 b - a potion of magic
 g - 4 potions of enlightenment
 j - a potion of might {unknown}
 k - 2 potions of lignification {unknown}
 n - 2 potions of heal wounds
 p - a potion of invisibility {unknown}
 t - a potion of brilliance {unknown}


   Skills:
 + Level 0.8 Fighting
 + Level 1.3 Short Blades
 + Level 2.2 Dodging
 + Level 3.0 Stealth
 + Level 3.5 Spellcasting
 + Level 1.1 Conjurations
 + Level 5.1 Earth Magic


You had 10 spell levels left.
You knew the following spells:

 Your Spells              Type           Power      Damage    Failure   Level
a - Sandblast             Erth           52%        2d12      1%          1

Your spell library contained the following spells:

 Spells                   Type           Power      Damage    Failure   Level
 Passwall                 Erth           26%        N/A       4%          3
 Stone Arrow              Conj/Erth      34%        3d9       10%         3
 Momentum Strike          Conj/Tloc      12%        3d8       14%         2
 Blink                    Tloc           6%         N/A       19%         2
 Ensorcelled Hibernation  Hex/Ice        6%         N/A       19%         2
 Lesser Beckoning         Tloc           6%         N/A       19%         2
 Hailstorm                Conj/Ice       6%         3d5       28%         3
 Brom's Barrelling Bould  Conj/Erth      17%        2d4       32%         4
 Summon Ice Beast         Ice/Summ       3%         N/A       34%         3
 Swiftness                Air            3%         N/A       34%         3
 Petrify                  Alch/Erth      15%        N/A       38%         4
 Sculpt Simulacrum        Ice/Alch       1%         N/A       100%        6
 Ozocubu's Refrigeration  Ice            1%         4d7       100%        7
 Polar Vortex             Ice            1%         N/A       100%        9


Dungeon Overview and Level Annotations

Branches:
Dungeon (4/15)
 Temple: D:4-7

Altars:

Shops:
D:4 ?:*


Innate Abilities, Weirdness & Mutations

You are immune to sickness and miasma.
Your stone body is resilient. (AC +4)
You are immune to poison.
You resist negative energy. (rN+)
You are resistant to electric shocks. (rElec)
You are resistant to unholy torment.
You are immune to petrification.


Message History

You puncture the goblin!
You kill the goblin!
You see here a +0 dagger.
Found 4 silver javelins.
A bombardier beetle comes into view.
The bombardier beetle sprays incendiary fluid at you.
The burning spray hits you.
You are covered in liquid fire!
Found a dagger.
You shake off some of the fire as you move.
The liquid fire burns you!
You shake off some of the fire as you move.
The liquid fire burns you!
The bombardier beetle bites you but does no damage.
You hit the bombardier beetle.
The bombardier beetle is lightly wounded.
Your +4 dagger of the Unseen Realm {spect, Int+5 Dex-2} hits the bombardier beetle but does no damage.
The liquid fire burns you! The bombardier beetle bites you.
You hit the bombardier beetle but do no damage.
The bombardier beetle is lightly wounded.
Your +4 dagger of the Unseen Realm {spect, Int+5 Dex-2} hits the bombardier beetle.
The liquid fire burns you!
You hit the bombardier beetle.
The bombardier beetle is lightly wounded.
Your +4 dagger of the Unseen Realm {spect, Int+5 Dex-2} hits the bombardier beetle.
The liquid fire burns you!
* * * LOW HITPOINT WARNING * * *
The bombardier beetle bites you.
* * * LOW HITPOINT WARNING * * *
Casting: Sandblast (safe; 1% risk of failure)
Confirm with . or Enter, or press ? or * to list all spells.
Aiming: Sandblast (safe; 1% risk of failure)
Press: ? - help, Shift-Dir - straight line, f - bombardier beetle
Aim: a bombardier beetle (heavily wounded, 90% to hit)
The blast of sand hits the bombardier beetle!
The bombardier beetle is almost dead.
Your +4 dagger of the Unseen Realm {spect, Int+5 Dex-2} disappears.
The liquid fire burns you!
You die...

....... ....... ....... # #.#
....... # #.# ....... # # #.#
....... #. # #.####
..)....##.### ###### # #.....
......B@# ..# #....# ###..#
#######.# #.# #.##.#
.....###########.###.###.##.#
.....................>...##.#
####†##########(....#######.#
#....# #.......# #.#
#.###########..####.# #.#
....................# #.#
#.........###.####### ###.#


You could see a bombardier beetle.

Vanquished Creatures
  A scorpion (D:4)
  An iguana (D:4)
  2 adders
  3 gnolls (D:4)
  A dart slug (D:1)
  5 orcs
  3 ball pythons
  7 endoplasms
  A giant cockroach (D:1)
  6 goblins
  9 hobgoblins
  5 jackals
  6 quokkas
  2 bats (D:1)
  5 frilled lizards
  7 kobolds
  8 rats
72 creatures vanquished.

Notes
Turn   | Place    | Note
-------+----------+-------------------------------------------
     0 | D:1      | Pixllover the Gargoyle Earth Elementalist began the quest
                  | for the Orb.
     0 | D:1      | Reached XP level 1. HP: 10/10 MP: 3/3
    65 | D:1      | Reached skill level 4 in Earth Magic
   125 | D:1      | Reached XP level 2. HP: 15/15 MP: 0/5
   690 | D:1      | Reached XP level 3. HP: 19/19 MP: 4/6
  1379 | D:2      | Identified the +4 dagger of the Unseen Realm {spect, Int+5
                  | Dex-2}
  1518 | D:2      | Reached XP level 4. HP: 21/24 MP: 7/7
  2438 | D:4      | Reached XP level 5. HP: 10/28 MP: 6/9
  2576 | D:4      | Reached skill level 1 in Short Blades
  2576 | D:4      | Reached skill level 5 in Earth Magic
  2885 | D:4      | Found Dytythu's Magic Scroll Shop.
  2886 | D:4      | Found Pacuic's Book Shop.
  2892 | D:4      | Found Sutu's General Store.
  3242 | D:4      | Incinerated by a bombardier beetle

Illustrated notes

Levels and vault maps discovered:
D:1:      lemuel_arrival_tunnels, layout_loops_ring, minmay_hedge_maze,
          minmay_indecisive_spiral
D:2:      layout_basic
D:3:      layout_loops_cross
D:4:      layout_basic, nicolae_shop_distant_corner_stores

Skill      XL: |  1  2  3  4  5 |
---------------+----------------+-----
Earth Magic    | 4 5 |  5.1
Spellcasting   | 3 |  3.5
Dodging        | 2 |  2.2
Short Blades   | 1 |  1.3
Stealth        | 3 |  3.0
Fighting       | |  0.8
Conjurations   | |  1.1

Action                     |  1- 3 |  4- 6 || total
---------------------------+-------+-------++-------
  Melee: Unarmed           |     1 |       ||     1
         Short sword       |    31 |       ||    31
         Dagger            |    12 |    79 ||    91
   Cast: Sandblast         |    44 |    15 ||    59
    Use: Scroll            |       |     4 ||     4
   Stab: Sleeping          |       |     2 ||     2
 Armour: Robe              |    47 |    50 ||    97
  Dodge: Dodged            |    57 |    35 ||    92

Table legend: (Time is in decaauts)
 A = Elapsed time spent in this place.
 B = Non-inter-level travel time spent in this place.
 C = Inter-level travel time spent in this place.
 D = Time resting spent in this place.
 E = Time spent auto-exploring this place.
 F = Levels seen in this place.
 G = Mean time per level.
                   A        B        C        D        E       F      G
               +--------+--------+--------+--------+--------+-----+--------+
         Total |   3266 |   3161 |    105 |    160 |   1896 |   4 |  816.5 |
       Dungeon |   3266 |   3161 |    105 |    160 |   1896 |   4 |  816.5 |
               +--------+--------+--------+--------+--------+-----+--------+

Top non-repeatable levels by time:
     D:1: 1223 daAuts
     D:4: 837 daAuts
     D:3: 629 daAuts
     D:2: 576 daAuts
